 Dungeon Crawl Stone Soup version 0.28.0 (console) character file.

Game seed: 14882751711582370004

12782 ryathie the Cleaver (level 11, -6/68 HPs)
             Began as a Gargoyle Fighter on Feb 17, 2022.
             Was a Believer of the Shining One.
             Engulfed by a cloud of flame (21 damage)
             ... in a volcano.
             The game lasted 00:31:04 (6931 turns).

ryathie the Cleaver (Gargoyle Fighter)              Turns: 6931, Time: 00:31:04

Health: -6/68      AC: 24    Str: 20    XL:     11   Next: 98%
Magic:  11/11      EV: 20    Int:  9    God:    the Shining One [**....]
Gold:   327        SH: 10    Dex: 13    Spells: 10/10 levels left

rFire   . . .      SeeInvis .   m - +2 war axe (elec)
rCold   . . .      Faith    .   y - +0 kite shield
rNeg    + + .      Spirit   .   a - +1 plate armour
rPois   ∞          Reflect  .   (no helmet)
rElec   +          Harm     .   (no cloak)
rCorr   .          Rampage  .   (no gloves)
Will    .....                   (no boots)
Stlth   ..........              B - amulet of the acrobat
HPRegen 0.21/turn               c - ring of flight
MPRegen 0.12/turn               u - +4 ring of slaying

@: acrobatic, flying, glowing
A: sickness immunity, AC +8, negative energy resistance 1, electricity
resistance, torment resistance 1, petrification resistance
a: Renounce Religion, Divine Shield


You were in a volcano.
You worshipped the Shining One.
The Shining One was pleased with you.
You visited 3 branches of the dungeon, and saw 15 of its levels.
You also visited: Sewer, Bailey and Volcano.

You collected 527 gold pieces.
You spent 200 gold pieces at shops.

Inventory:

Hand Weapons
 m - a +2 war axe of electrocution (weapon)
 v - the +6 long sword of Distant Worlds {flame, rPois rF+++ rC- rCorr Int+2}
   (You found it on level 8 of the Dungeon)

   It burns those it strikes, dealing additional fire damage.
   Big, fiery blades are also staple armaments of hydra-hunters.
   Int:       It affects your intelligence (+2).
   rF:        It renders you almost immune to fire.
   rC:        It makes you vulnerable to cold.
   rPois:     It protects you from poison.
   rCorr:     It protects you from acid and corrosion.
 C - a +1 broad axe
Missiles
 x - 5 poisoned darts (quivered)
Armour
 a - a +1 plate armour (worn)
 y - a +0 kite shield (worn)
Jewellery
 c - a ring of flight (left hand)
 l - a ring of willpower
 u - a +4 ring of slaying (right hand)
 A - a +4 ring of evasion
 B - an amulet of the acrobat (around neck)
Wands
 b - a wand of flame (39)
 z - a wand of polymorph (5)
Scrolls
 h - 3 scrolls of fear
 o - a scroll of summoning
 p - 2 scrolls of vulnerability
 q - a scroll of blinking
 r - 2 scrolls of teleportation
 s - a scroll of immolation
 t - a scroll of identify
 w - a scroll of amnesia {unknown}
Potions
 d - a potion of might
 e - 4 potions of heal wounds
 f - 2 potions of flight {unknown}
 g - 2 potions of attraction
 i - 3 potions of curing
 j - a potion of invisibility
 k - a potion of degeneration {unknown}
 n - a potion of brilliance


   Skills:
 - Level 8.0 Fighting
 * Level 12.2 Axes
 - Level 2.0 Throwing
 - Level 12.0 Armour
 + Level 6.3 Shields


You had 10 spell levels left.
You didn't know any spells.
Your spell library contained the following spells:

 Spells                   Type           Power      Damage    Failure   Level
 Animate Skeleton         Necr           0%         N/A       100%        1
 Apportation              Tloc           0%         N/A       100%        1
 Summon Small Mammal      Summ           0%         N/A       100%        1
 Static Discharge         Conj/Air       0%         N/A       100%        2
 Ozocubu's Armour         Ice            0%         N/A       100%        3
 Passage of Golubria      Tloc           0%         N/A       100%        4
 Lightning Bolt           Conj/Air       0%         1d11      100%        5
 Silence                  Hex/Air        0%         N/A       100%        5
 Ozocubu's Refrigeration  Ice            0%         4d5       100%        7
 Lehudib's Crystal Spear  Conj/Erth      0%         10d2      100%        8
 Maxwell's Capacitive Co  Air            0%         ∞         100%        8


Dungeon Overview and Level Annotations

Branches:
Dungeon (11/15)            Temple (1/1) D:5            Lair (3/6) D:8
  Sewer (visited)          Bailey (visited)         Volcano (1/1)
  Swamp: Lair:2-4    Shoals: Lair:2-4     Snake: Lair:2-4    Spider: Lair:2-4
    Orc: D:9-12

Altars:
Ashenzari
Cheibriados
Dithmenos
Elyvilon
Fedhas
Gozag
Hepliaklqana
Kikubaaqudgha
Makhleb
Okawaru
Qazlal
Sif Muna
Trog
Uskayaw
Vehumet
Wu Jian
Yredelemnul
Zin
The Shining One

Shops:
D:1 !

Annotations:
Lair:3 3 runed translucent doors, Oluanan's ghost, journeyman DsFi


Innate Abilities, Weirdness & Mutations

You are immune to sickness and miasma.
Your stone body is resilient. (AC +8)
You are immune to poison.
You resist negative energy. (rN+)
You are resistant to electric shocks. (rElec)
You are resistant to unholy torment.
You are immune to petrification.


Message History

The fire bat is lightly wounded.
The fire bat bites you but does no damage.
You hit the fire bat.
The fire bat is lightly wounded.
The fire bat bites you but does no damage. x2
You hit the fire bat.
The fire bat is moderately wounded.
You block the fire bat's attack.
You slash the fire bat!
Lightning courses through the fire bat!!
You kill the fire bat!
Okay, then.
Okay, then.
You're wearing all the rings you can.
Remove which one? (? for menu, Esc to cancel) < or
l - a ring of willpower; > or
u - a +4 ring of slaying You remove your ring of willpower.
You fly up into the air.
c - a ring of flight (left hand)
A fire bat comes into view.
You block the fire bat's attack.
The fire bat bites you but does no damage.
You block the fire bat's attack. The fire bat bites you.
You are engulfed in flames!
You slash the fire bat!
The fire bat is heavily wounded.
The fire bat barely misses you. You block the fire bat's attack.
You slice the fire bat!!
You kill the fire bat!
The air gets thick with the scent of sulphur.
The volcano roars to life, belching forth lava!
You are engulfed in blazing flames.
You are engulfed in blazing flames.
The volcano roars to life, belching forth lava!
You are engulfed in blazing flames.
You are engulfed in blazing flames.
* * * LOW HITPOINT WARNING * * *
You are engulfed in blazing flames.
You die...

...≈≈§§§≈○○≈○§°○○§§§§≈≈≈≈§≈≈≈≈≈≈§
...§§≈≈§§§§°○§°≈○§§§§§≈≈§§≈§≈≈§≈§
..≈≈§≈≈≈§§§§○○○°°°☼§≈§≈≈§§≈§≈≈≈≈≈
.§§.≈≈§§§§≈§≈○§°.○○...≈≈≈§§§≈≈.
..§≈≈≈≈≈≈≈§≈°○○°○°........§§...
.≈≈≈≈≈≈§§≈§≈°○≈○.##############
.≈≈≈≈§≈§§§≈≈○○○○○#
..≈≈§≈≈§§°§°≈°≈°○#
.≈≈§≈≈≈§§§○○°§≈○@#
..≈≈§≈≈§§○°≈≈§≈.○###++##
..≈≈§≈§§≈≈°°≈≈≈○○#......
.≈≈≈≈≈≈§≈°°§§§°○°######.
.§§≈≈≈≈§≈§≈§≈§°§.#
.§≈≈≈≈≈§≈≈≈§§§§§°#
..≈≈≈≈≈§§≈≈§≈≈≈≈.#
...§≈≈§§§≈≈≈§§≈..#
..≈≈≈≈≈≈§≈§§§≈≈≈.#


There were no monsters in sight!

Vanquished Creatures
  A boulder beetle (D:11)
  Erolcha (D:10)
  A centaur warrior (D:8)
  2 two-headed ogres
  A sixfirhy (D:10)
  An unseen horror (D:10)
  A cane toad (Lair:3)
  A komodo dragon (Lair:3)
  A troll (D:11)
  4 spriggans (Bailey)
  A wraith (D:11)
  A wyvern (D:8)
  17 yaks
  2 fire bats (Volcano)
  Grum (D:8)
  A basilisk (Lair:3)
  A steam dragon (Volcano)
  3 wargs (D:8)
  2 acid dragons
  2 water moccasins
  A black bear (D:5)
  4 orc warriors
  An ice beast (D:5)
  7 ogres (Bailey)
  4 wolves (D:8)
  4 centaurs
  5 bullfrogs
  A gnoll sergeant (D:10)
  2 wyvern zombies (D:8)
  2 howler monkeys
  3 centaur zombies
  2 lava snakes (Volcano)
  2 orc priests
  A gnoll shaman (D:9)
  2 hounds
  An iguana (D:5)
  Terence (D:3)
  6 orc wizards
  A hound zombie (D:4)
  A howler monkey zombie (D:8)
  10 adders
  12 gnolls
  A howler monkey skeleton (D:5)
  3 river rats
  A shadow imp (D:5)
  A white imp (D:8)
  An ufetubus (D:6)
  3 dart slugs
  28 orcs
  2 bats (D:3)
  4 endoplasms
  A giant cockroach (D:1)
  13 goblins
  12 hobgoblins
  11 jackals
  6 kobolds
  4 quokkas (D:3)
  5 ball pythons
  8 frilled lizards
  3 rats
225 creatures vanquished.

Vanquished Creatures (others)
  2 fungi (Lair:3)
  27 plants
29 creatures vanquished.

Grand Total: 254 creatures vanquished

Notes
Turn   | Place    | Note
-------+----------+-------------------------------------------
     0 | D:1      | ryathie the Gargoyle Fighter began the quest for the Orb.
     0 | D:1      | Reached XP level 1. HP: 14/14 MP: 1/1
    57 | D:1      | Reached XP level 2. HP: 15/20 MP: 2/2
    64 | D:1      | Found Biegg's Distillery.
   145 | D:1      | Reached XP level 3. HP: 21/24 MP: 3/3
   174 | D:1      | Bought a potion of curing for 30 gold pieces
   378 | D:3      | Noticed Terence
   389 | D:3      | Killed Terence
   427 | D:3      | Reached XP level 4. HP: 30/30 MP: 4/4
   509 | D:3      | Found a glowing drain.
   513 | Sewer    | Entered a sewer
   645 | Sewer    | Reached XP level 5. HP: 29/34 MP: 5/5
   667 | Sewer    | Reached skill level 5 in Fighting
  1179 | D:2      | Found a faded altar of an unknown god.
  1544 | D:4      | Reached XP level 6. HP: 40/40 MP: 6/6
  1602 | D:4      | Reached skill level 1 in Throwing
  1849 | D:1      | Bought 2 potions of berserk rage for 100 gold pieces
  1849 | D:1      | Bought a potion of might for 40 gold pieces
  1849 | D:1      | Bought a potion of attraction for 30 gold pieces
  1943 | D:5      | Entered Level 5 of the Dungeon
  1984 | D:5      | Noticed an ice beast
  1999 | D:5      | Killed an ice beast
  2000 | D:5      | Reached XP level 7. HP: 40/46 MP: 7/7
  2025 | D:5      | Found a staircase to the Ecumenical Temple.
  2034 | Temple   | Entered the Ecumenical Temple
  2144 | Temple   | Became a worshipper of the Shining One
  2457 | D:8      | Reached skill level 5 in Axes
  2472 | D:8      | HP: 1/70 [wyvern zombie (11)]
  2474 | D:8      | Reached XP level 8. HP: 1/52 MP: 8/8
  2512 | D:8      | Noticed a two-headed ogre
  2559 | D:9      | Reached skill level 5 in Armour
  3257 | D:8      | Reached * piety under the Shining One
  3271 | D:8      | Noticed a centaur warrior
  3279 | D:8      | Killed a centaur warrior
  3280 | D:8      | Reached XP level 9. HP: 22/59 MP: 9/9
  3557 | D:8      | Identified the +6 long sword of Distant Worlds {flame,
                  | rPois rF+++ rC- rCorr Int+2}
  3735 | D:8      | Noticed Grum
  3749 | D:8      | HP: 3/88 [wolf[Grum] (5)]
  3752 | D:8      | Killed Grum
  3795 | D:8      | Reached XP level 10. HP: 5/64 MP: 10/10
  4225 | D:8      | Killed a two-headed ogre
  4226 | D:8      | Reached skill level 10 in Armour
  4334 | D:10     | Entered Level 10 of the Dungeon
  4458 | D:10     | Found a flagged portal.
  4464 | Bailey   | Entered a bailey
  4624 | Bailey   | HP: 3/64 [ogre (12)]
  4626 | Bailey   | HP: 1/64 [ogre (3)]
  4918 | Bailey   | Noticed a two-headed ogre
  5126 | Bailey   | Killed a two-headed ogre
  5127 | Bailey   | Reached skill level 10 in Axes
  5127 | Bailey   | Reached XP level 11. HP: 19/68 MP: 11/11
  5505 | D:11     | Noticed a boulder beetle
  5532 | D:11     | Reached ** piety under the Shining One
  5572 | D:11     | Killed a boulder beetle
  5767 | D:10     | Found a runed translucent door.
  5767 | D:10     | Found a burning altar of Makhleb.
  5767 | D:10     | Noticed a sixfirhy
  5780 | D:10     | Killed a sixfirhy
  5802 | D:10     | Reached skill level 5 in Shields
  6199 | D:10     | Noticed Erolcha
  6207 | D:10     | Killed Erolcha
  6482 | D:8      | Found a staircase to the Lair.
  6491 | Lair:1   | Entered Level 1 of the Lair of Beasts
  6562 | Lair:3   | Noticed Oluanan's ghost (journeyman DsFi)
  6562 | Lair:3   | Found a runed translucent gate.
  6562 | Lair:3   | Found a runed translucent gate.
  6562 | Lair:3   | Found a runed translucent gate.
  6692 | Lair:3   | Found a dark tunnel.
  6703 | Volcano  | Entered a volcano
  6931 | Volcano  | Engulfed by a cloud of flame

Illustrated notes

Levels and vault maps discovered:
D:1:      dpeg_arrival_court, layout_rooms, serial_shops, shop,
          minmay_misc_feat_cross
D:2:      layout_loops_cross, shapermc_ecumenical_altar_acropolis,
          minmay_fractal_squares_gapless_5
D:3:      kennysheep_six_static_rooms, layout_basic, gup_sewer_entry_bowl,
          uniq_terence
D:4:      cheibrodos_greedy_goblins, layout_gridville, minmay_three_crescents
D:5:      layout_basic, nemelex_dance_club_becter, minmay_temple_entry_wispy
D:6:      layout_rooms, uniq_grinder
D:7:      layout_cave_pods, overflow_temple_1_default, led_xom_imps
D:8:      hangedman_cross_stitches, layout_loops_cross,
          erik_lair_orcish_takeover, moated_statue, uniq_grum
D:9:      layout_loops_ring
D:10:     layout_roguey, nzn_makhleb_speed_demon, enter_bailey_3, uniq_erolcha
D:11:     layout_roguey [special_room_bee]
Temple:   dpeg_five_rooms_temple
Lair:1:   minmay_lair_venomous_thicket, layout_hall_layers,
          gammafunk_ghost_wrathful_warriors, nzn_masters_of_martial_movement
Lair:2:   layout_gridlike, serial_bayou_shore_b
Lair:3:   layout_regular_city, swamp_mist_pool, nicolae_volcano_entry_lava_flow,
          gammafunk_ghost_split, minmay_lindwurm_lava
Volcano:  volcano_lake [vl_original]

Skill      XL: |  1  2  3  4  5  6  7  8  9 10 11 |
---------------+----------------------------------+-----
Axes           | 2 3 4 5 6 8 10 12 | 12.2
Fighting       | 4 5 6 8 |  8.0
Throwing       | 2 |  2.0
Armour         | 4 7 9 11 12 | 12.0
Shields        | 6 |  6.3

Action                   |  1- 3 |  4- 6 |  7- 9 | 10-12 || total
-------------------------+-------+-------+-------+-------++-------
Melee: War axe           |    50 |   236 |   152 |   207 ||   645
Throw: Dart              |       |       |     6 |    12 ||    18
       Throwing net      |       |       |     2 |     1 ||     3
Invok: Divine Shield     |       |       |       |     1 ||     1
Evoke: Wand              |       |       |       |     4 ||     4
  Use: Scroll            |     3 |     2 |       |     9 ||    14
       Potion            |       |       |     5 |     1 ||     6
Armor: Scale mail        |    28 |   119 |       |       ||   147
       Chain mail        |       |    20 |    58 |       ||    78
       Plate armour      |       |       |    62 |   120 ||   182
Dodge: Dodged            |    27 |   135 |    59 |    67 ||   288
Block: Buckler           |    14 |    69 |    35 |    29 ||   147
       Kite shield       |       |       |       |    29 ||    29
